 Dungeon Crawl Stone Soup version 0.28-a0-793-g31680bbd8b (webtiles) character file.

Game seed: 17265309664762826415

255 MirrMurr the Covert (level 5, 0/24 HPs)
             Began as a Spriggan Enchanter on Nov 5, 2021.
             Slain by a bullfrog (7 damage)
             ... in a sewer.
             The game lasted 00:08:24 (4828 turns).

MirrMurr the Covert (Spriggan Enchanter)            Turns: 4828, Time: 00:08:24

Health: 0/24       AC:  2    Str:  5    XL:     5   Next: 91%
Magic:  10/10      EV: 17    Int: 17    God:
Gold:   167        SH:  0    Dex: 15    Spells: 1/9 levels left

rFire   . . .      SeeInvis +   b - +8 Vampire's Tooth {vamp}
rCold   . . .      Faith    .   (shield restricted)
rNeg    . . .      Spirit   .   g - +0 robe
rPois   .          Reflect  .   (helmet restricted)
rElec   .          Harm     .   (no cloak)
rCorr   .          Rampage  .   (gloves unavailable)
Will    .....                   (boots unavailable)
Stlth   ++++......              (no amulet)
HPRegen 0.08/turn               (no ring)
MPRegen 0.12/turn               (no ring)

@: very quick
A: very small, no large weapons, unfitting armour, see invisible, speed 3
a: no special abilities


You were in a sewer.
You visited 1 branch of the dungeon, and saw 4 of its levels.
You also visited: Sewer.

You collected 167 gold pieces.

Inventory:

Hand Weapons
 a - a +1 dagger of venom
 b - the +8 Vampire's Tooth (weapon) {vamp}
   (You acquired it on level 4 of the Dungeon)

   It occasionally heals its wielder for the full amount of damage dealt when it
   wounds a living foe.
 w - a +1 dagger
Missiles
 d - 6 boomerangs
 e - 49 stones (quivered)
 k - 12 poisoned darts
Armour
 g - a +0 robe (worn)
Scrolls
 h - a scroll of teleportation
Potions
 c - a potion of invisibility
 f - a potion of cancellation
 j - a potion of curing
 n - a potion of might {unknown}


   Skills:
 + Level 4.6 Short Blades
 - Level 2.6 Dodging
 - Level 8.0 Stealth
 - Level 2.6 Spellcasting
 - Level 3.6 Hexes


You had one spell level left.
You knew the following spells:

 Your Spells              Type           Power      Damage    Failure   Level
a - Ensorcelled Hibernat  Hex/Ice        16%        N/A       13%         2
b - Confusing Touch       Hex            14%        N/A       12%         3
c - Tukima's Dance        Hex            14%        N/A       12%         3

Your spell library contained the following spells:

 Spells                   Type           Power      Damage    Failure   Level
 Slow                     Hex            56%        N/A       4%          1
 Corpse Rot               Necr/Air       4%         N/A       26%         2
 Poisonous Vapours        Pois/Air       4%         N/A       26%         2
 Dazzling Flash           Conj/Hex       16%        N/A       26%         3
 Stone Arrow              Conj/Erth      4%         3d7       47%         3
 Animate Armour           Summ/Erth      4%         N/A       87%         4
 Yara's Violent Unravell  Hex/Tmut       4%         3d4       94%         5
 Lehudib's Crystal Spear  Conj/Erth      1%         10d2      100%        8


Dungeon Overview and Level Annotations

Branches:
Dungeon (4/15)              Sewer (1/1)
 Temple: D:4-7

Altars:

Shops:
D:3 [


Innate Abilities, Weirdness & Mutations

You are very small and have problems with some larger weapons.
You are too small for most types of armour.
You have supernaturally acute eyesight. (SInv)
You cover ground extremely quickly. (Speed+++)


Message History

The quokka splashes around in the water.
The helpless endoplasm fails to defend itself.
You impale the endoplasm!!
You kill the endoplasm!
The bullfrog croaks.
You hear a loud, deep croak!
The frilled lizard hisses angrily.
A bullfrog comes into view.
The ball python hisses angrily.
The adder hisses angrily.
The endoplasm quivers.
You hit the quokka.
You kill the quokka!
Training target 8.0 for Stealth reached!
Your Stealth skill increases to level 8!
You enter the shallow water.
Moving in this stuff is going to be slow.
The giant cockroach closely misses you.
You hit the endoplasm.
You kill the endoplasm!
The giant cockroach splashes around in the water.
You puncture the bullfrog!
The bullfrog is moderately wounded.
The bullfrog misses you.
You miss the bullfrog.
The bullfrog is moderately wounded.
The giant cockroach bites you.
The bullfrog hits you but does no damage.
The bullfrog hits you!
The giant cockroach completely misses you.
Unknown command.
The bullfrog hits you but does no damage.
You enter the shallow water.
Moving in this stuff is going to be slow.
The bullfrog snags a nearby small bird with its tongue.
The bullfrog hits you!
* * * LOW HITPOINT WARNING * * *
The bullfrog hits you but does no damage.
The bullfrog barely misses you.
You closely miss the bullfrog. The bullfrog completely misses you.
The bullfrog hits you!
You die...

#≈≈.≈##≈≈≈≈.≈≈≈≈##≈≈≈≈#≈.≈.#
#.≈†##
≈≈≈≈≈..≈.≈##≈.≈##.≈≈## .≈≈≈#
≈≈≈.$)).≈≈≈#≈≈.≈#≈≈≈.# ≈.≈≈#
≈≈≈..?!..≈≈#≈≈≈≈#≈≈.∩# ≈≈..#
≈≈≈≈≈≈.≈.≈.#†≈.≈#≈≈≈.#
#..≈##
≈≈≈≈.≈≈.†≈≈#≈..##≈≈≈##
#.≈≈†##≈≈≈≈≈≈≈lSS≈#≈≈≈#≈≈≈≈#
##≈≈†≈###≈≈≈.≈#FF##≈.##†≈≈##
.##≈≈††≈#######≈@#≈≈##≈.≈≈#
≈†###≈≈≈≈≈≈≈...≈##≈≈#≈.≈.##
≈≈≈≈####≈≈≈≈≈≈..#≈≈.≈≈.≈##
≈.†††≈≈#.∩≈#######≈≈≈####
###..≈≈#####≈≈≈≈≈#.≈##
≈≈####≈≈≈.≈≈≈≈..≈####
≈...≈#########.≈.#
##.∩..≈≈†≈≈≈≈≈≈≈≈#
#####..†≈≈≈≈≈≈≈≈#


You could see 2 bullfrogs, an adder, a ball python and a frilled lizard.

Vanquished Creatures
  An ogre (D:4)
  7 adders
  3 worms
  2 dart slugs
  3 bats
  21 endoplasms
  10 giant cockroaches
  4 goblins
  2 hobgoblins
  7 kobolds
  11 quokkas
  10 ball pythons
  8 frilled lizards
  5 rats
94 creatures vanquished.

Vanquished Creatures (others)
  A fungus (D:3)
  A plant (D:3)
2 creatures vanquished.

Grand Total: 96 creatures vanquished

Notes
Turn   | Place    | Note
-------+----------+-------------------------------------------
     0 | D:1      | MirrMurr the Spriggan Enchanter began the quest for the
                  | Orb.
     0 | D:1      | Reached XP level 1. HP: 9/9 MP: 5/5
   438 | D:1      | Reached skill level 5 in Stealth
   438 | D:1      | Reached XP level 2. HP: 9/13 MP: 6/6
  1176 | D:2      | Learned a level 2 spell: Ensorcelled Hibernation
  2474 | D:2      | Reached XP level 3. HP: 16/16 MP: 8/8
  2478 | D:2      | Learned a level 3 spell: Confusing Touch
  3012 | D:3      | Found Rual Zeu's Armour Shop.
  3500 | D:3      | Reached skill level 6 in Stealth
  3503 | D:3      | Reached XP level 4. HP: 21/21 MP: 9/9
  3522 | D:3      | Learned a level 3 spell: Tukima's Dance
  4040 | D:3      | Found a faded altar of an unknown god.
  4103 | D:4      | Identified a scroll of acquirement
  4103 | D:4      | Acquired the +8 Vampire's Tooth {vamp}
  4103 | D:4      | Found the +8 Vampire's Tooth {vamp}
  4183 | D:4      | Noticed an ogre
  4190 | D:4      | Killed an ogre
  4191 | D:4      | Reached skill level 7 in Stealth
  4191 | D:4      | Reached XP level 5. HP: 24/24 MP: 7/10
  4307 | D:4      | Found a glowing drain.
  4330 | Sewer    | Entered a sewer
  4820 | Sewer    | Reached skill level 8 in Stealth
  4828 | Sewer    | Slain by a bullfrog

Illustrated notes

Levels and vault maps discovered:
D:1:      lightli_arrival_windingriver, layout_loops_ring, corexii_corridor_pit
D:2:      minmay_chambers_of_twos, layout_basic, serial_glass, glass_columns_a,
          glass_columns_a, glass_columns_c, glass_columns_c,
          minmay_misc_feat_cross
D:3:      layout_basic, shapermc_ecumenical_altar_petra, serial_shops, shop,
          st_stairs_11, dk_noncrumbling_2, minmay_vboxes
D:4:      wad_pebble_path, layout_basic, cheibrodos_sewer_entry_bend,
          bh_walls_and_bars
Sewer:    sewer_frog_island_02

Skill      XL: |  1  2  3  4  5 |
---------------+----------------+-----
Stealth        | 5 6 7 8 |  8.0
Short Blades   | 2 3 4 |  4.6
Dodging        | |  2.6
Spellcasting   | |  2.6
Hexes          | |  3.6

Action                   |  1- 3 |  4- 6 || total
-------------------------+-------+-------++-------
Melee: Dagger            |   108 |    37 ||   145
       Quick blade       |       |   132 ||   132
 Cast: Ensorcelled Hiber |    13 |     2 ||    15
  Use: Scroll            |     2 |     5 ||     7
 Stab: Sleeping          |    21 |    11 ||    32
Armor: Robe              |    12 |    12 ||    24
Dodge: Dodged            |    57 |    76 ||   133

Table legend: (Time is in decaauts)
 A = Elapsed time spent in this place.
 B = Non-inter-level travel time spent in this place.
 C = Inter-level travel time spent in this place.
 D = Time resting spent in this place.
 E = Time spent auto-exploring this place.
 F = Levels seen in this place.
 G = Mean time per level.
                   A        B        C        D        E       F      G
               +--------+--------+--------+--------+--------+-----+--------+
         Total |   3672 |   3450 |    222 |    455 |   2392 |   5 |  734.4 |
       Dungeon |   3231 |   3009 |    222 |    455 |   2121 |   4 |  807.8 |
         Sewer |    441 |    441 |      0 |      0 |    271 |   1 |  441.0 |
               +--------+--------+--------+--------+--------+-----+--------+

Top non-repeatable levels by time:
     D:2: 1208 daAuts
     D:1: 1005 daAuts
     D:3: 857 daAuts
   Sewer: 441 daAuts
     D:4: 159 daAuts
